 Dungeon Crawl Stone Soup version 0.27.1 (webtiles) character file.

Game seed: 4100504106981740726

123 ZARRMARR the Archer (level 4, -9/25 HPs)
             Began as a Deep Elf Hunter on Aug 30, 2021.
             Shot with a bolt by a centaur (14 damage)
             ... on level 7 of the Dungeon on Aug 31, 2021.
             The game lasted 00:09:29 (2093 turns).

ZARRMARR the Archer (Deep Elf Hunter)               Turns: 2093, Time: 00:09:31

Health: -9/25      AC:  2    Str:  9    XL:     4   Next: 79%
Magic:  6/6        EV: 12    Int: 17    God:
Gold:   178        SH:  0    Dex: 15    Spells: 3/3 levels left

rFire    . . .     SeeInvis .   a - +1 shortbow (chaos)
rCold    . . .     Faith    .   (shield currently unavailable)
rNeg     . . .     Spirit   .   j - +0 robe
rPois    .         Reflect  .   (no helmet)
rElec    .         Harm     .   (no cloak)
rCorr    .         Rampage  .   (no gloves)
Will     .....                  (no boots)
Stlth    ++........             (no amulet)
HPRegen  0.08/turn              (no ring)
MPRegen  0.10/turn              (no ring)

@: lethally poisoned (-9 -> -11)
A: no striking features
a: no special abilities


You were on level 7 of the Dungeon.
You visited 1 branch of the dungeon, and saw 5 of its levels.

You collected 178 gold pieces.

Inventory:

Hand Weapons
 a - a +1 shortbow of chaos (weapon)
 b - a +0 short sword
Missiles
 d - 12 arrows (quivered ammo)
Armour
 j - a +0 robe (worn)
Scrolls
 f - a scroll of teleportation
 i - a scroll of fog
Potions
 c - a potion of brilliance {unknown}
 g - 2 potions of heal wounds {unknown}
 h - a potion of haste {unknown}


   Skills:
 - Level 1.5 Fighting
 + Level 8.1 Bows
 - Level 2.4 Dodging
 - Level 1.2 Stealth
 * Level 0.1 Spellcasting
 * Level 0.1 Hexes
 * Level 0.1 Fire Magic


You had 3 spell levels left.
You didn't know any spells.
Your spell library contained the following spells:

 Spells                   Type           Power      Damage    Failure   Level
 Foxfire                  Conj/Fire      0%         2x1d4     22%         1
 Inner Flame              Hex/Fire       0%         N/A       54%         3
 Conjure Flame            Conj/Fire      0%         6-21      56%         3


Dungeon Overview and Level Annotations

Branches:
Dungeon (4/15)
 Temple: D:4-7

Altars:
Makhleb

Shops:
D:1 *


Message History

You are poisoned.
Fire: 17 arrows
Press: ? - help, Q - select action Shift-Dir - straight line, f/p - kobold brigand
Aim: a kobold brigand, wielding a +0 hand crossbow and quivering bolts (moderately wounded, 58% to hit)
You shoot an arrow. The arrow hits the kobold brigand.
The kobold brigand evaporates and reforms as a centaur!
You feel sick.
The centaur picks up a +0 hand crossbow.
The centaur wields a +0 hand crossbow.
Fire: 16 arrows
Press: ? - help, Q - select action Shift-Dir - straight line, f/p - centaur
Aim: a centaur (74% to hit)
You shoot an arrow. The arrow hits the centaur.
The arrow freezes the centaur.
The centaur is lightly wounded.
You feel sick.
The centaur picks up a +0 short sword.
The centaur wields a +0 short sword.
The centaur picks up 22 bolts.
Fire: 15 arrows
Press: ? - help, Q - select action Shift-Dir - straight line, f/p - centaur
Aim: a centaur, wielding a +0 short sword and quivering bolts (lightly wounded, 74% to hit)
You shoot an arrow. The arrow barely misses the centaur.
The arrow hits the kobold!
Lightning courses through the kobold!!
You kill the kobold!
You feel sick.
Fire: 14 arrows
Press: ? - help, Q - select action Shift-Dir - straight line, f/p - centaur
Aim: a centaur, wielding a +0 short sword and quivering bolts (lightly wounded, 74% to hit)
You shoot an arrow. The arrow hits the centaur!
The centaur is heavily wounded.
You feel sick.
The centaur unwields a +0 short sword.
The centaur wields a +0 hand crossbow.
The centaur shoots a bolt.
The bolt completely misses you.
Fire: 13 arrows
Press: ? - help, Q - select action Shift-Dir - straight line, f/p - centaur
Aim: a centaur, wielding a +0 hand crossbow and quivering bolts (heavily wounded, 74% to hit)
You shoot an arrow. The arrow hits the centaur.
The centaur is almost dead.
You feel sick.
The centaur shoots a bolt.
The bolt hits you!
Ouch! That really hurt!
You die...

#### .(. KK #c
#.##########
#.@........#
##########.#
#.# #.# #.# #.#
########.#
.#####......#.#
?.......###.#.#


You could see a centaur and 2 kobolds.

Vanquished Creatures
  Jessica (D:2)
  3 gnolls (D:2)
  An adder (D:2)
  2 dart slugs (D:3)
  2 orcs (D:2)
  4 ball pythons
  3 endoplasms
  3 hobgoblins
  2 jackals (D:1)
  4 kobolds
  4 quokkas
  4 bats (D:2)
  2 frilled lizards (D:2)
  9 goblins
  11 rats
55 creatures vanquished.

Notes
Turn   | Place    | Note
-------+----------+-------------------------------------------
     0 | D:1      | ZARRMARR the Deep Elf Hunter began the quest for the Orb.
     0 | D:1      | Reached XP level 1. HP: 12/12 MP: 3/3
    75 | D:1      | You fall into a shaft and drop 1 floor!
   109 | D:2      | Reached skill level 6 in Bows
   109 | D:2      | Reached XP level 2. HP: 15/16 MP: 4/4
   264 | D:1      | Found Eloc's Assorted Antiques.
   473 | D:1      | Reached XP level 3. HP: 20/20 MP: 5/5
   663 | D:2      | Reached skill level 7 in Bows
   869 | D:2      | Reached XP level 4. HP: 25/25 MP: 6/6
  1127 | D:2      | Noticed Jessica
  1137 | D:2      | Killed Jessica
  1138 | D:2      | Reached skill level 8 in Bows
  1334 | D:2      | Found a burning altar of Makhleb.
  2055 | D:4      | Noticed a scorpion
  2056 | D:4      | You fall into a shaft and drop 3 floors!
  2056 | D:7      | Noticed a black bear
  2082 | D:7      | Noticed a kobold brigand
  2089 | D:7      | Noticed a centaur
  2089 | D:7      | a kobold brigand changed into a centaur
  2093 | D:7      | Shot with a bolt by a centaur

Illustrated notes

Levels and vault maps discovered:
D:1:      minmay_arrival_stair_chambers, layout_rooms, serial_shops, shop
D:2:      layout_loops_corners, basic_altar, minmay_rat_gold_closets,
          uniq_jessica
D:3:      layout_rooms, minmay_misc_feat_secret_circle, roderic_roman_lattice
D:4:      layout_basic, minmay_misc_feat_columns
D:7:      layout_loops_ring, lemuel_blue_sif_altar, gammafunk_ghost_grave

Skill      XL: |  1  2  3  4 |
---------------+-------------+-----
Bows           | 6 7 8 |  8.1
Fighting       | |  1.5
Dodging        | |  2.4
Stealth        | |  1.2
Spellcasting   | |  0.1
Hexes          | |  0.1
Fire Magic     | |  0.1

Action                   |  1- 3 |  4- 6 || total
-------------------------+-------+-------++-------
 Fire: Shortbow          |    59 |    61 ||   120
  Use: Scroll            |     2 |     2 ||     4
Armor: Robe              |       |     1 ||     1
Dodge: Dodged            |     7 |     2 ||     9
